 Dungeon Crawl Stone Soup version 0.29-a0-1023-g6ae1a4a2c7 (webtiles) character file.

Game seed: 17683182814447597171

6 nickcage the Poker (level 1, 0/16 HPs)
             Began as a Merfolk Gladiator on Aug 11, 2022.
             Slain by a kobold
             ... wielding a +0 club
              (3 damage)
             ... on level 1 of the Dungeon.
             The game lasted 00:00:41 (250 turns).

nickcage the Poker (Merfolk Gladiator)               Turns: 250, Time: 00:00:41

Health: 0/16       AC:  4    Str: 14    XL:     1   Next: 90%
Magic:  1/1        EV: 13    Int:  7    God:
Gold:   12         SH:  0    Dex: 15    Spells: 0/0 levels left

rFire   . . .      SeeInvis .   a - +0 trident
rCold   . . .      Faith    .   (no shield)
rNeg    . . .      Spirit   .   b - +0 leather armour
rPois   .          Reflect  .   c - +0 helmet
rElec   .          Harm     .   (no cloak)
rCorr   .          Rampage  .   (no gloves)
Will    .....                   (no boots)
Stlth   +.........              (no amulet)
HPRegen 0.05/turn               (no ring)
MPRegen 0.07/turn               (no ring)

@: no status effects
A: (nimble swimmer 2), mertail
a: no special abilities


You were on level 1 of the Dungeon.
You visited 1 branch of the dungeon, and saw 1 of its levels.

You collected 12 gold pieces.

Inventory:

Hand Weapons
 a - a +0 trident (weapon)
Missiles
 d - 3 throwing nets (quivered)
 e - a javelin
Armour
 b - a +0 leather armour (worn)
 c - a +0 helmet (worn)
Scrolls
 g - a scroll of fear {unknown}
 h - a scroll of teleportation {unknown}
 i - a scroll of identify {unknown}
Potions
 f - 2 potions of curing {unknown}


   Skills:
 - Level 2.1 Fighting
 + Level 4.6 Polearms
 - Level 2.0 Throwing
 - Level 4.0 Dodging


You couldn't memorise any spells.
You didn't know any spells.
Your spell library contained the following spells:

 Spells                   Type           Power      Damage    Failure   Level
 Foxfire                  Conj/Fire      0%         2x1d4     52%         1
 Conjure Flame            Conj/Fire      0%         6-21      87%         3
 Inner Flame              Hex/Fire       0%         N/A       87%         3
 Flame Wave               Conj/Fire      0%         2d4       99%         4


Dungeon Overview and Level Annotations

Branches:
Dungeon (1/15)

Altars:


Innate Abilities, Weirdness & Mutations

((You are very nimble when in or above water. (Stealth+, EV+, Speed+++)))
Your lower body shifts to a powerful aquatic tail in water.


Message History

The gnoll barely misses you. The rat misses you.
You closely miss the gnoll.
The gnoll is moderately wounded.
The rat barely misses you. The gnoll barely misses you.
You barely miss the gnoll.
The gnoll is moderately wounded.
The rat bites you but does no damage. The kobold closely misses you.
The gnoll closely misses you.
You hit the gnoll. You punch the gnoll.
The gnoll is almost dead.
The kobold hits you with a +0 club. The rat closely misses you.
The gnoll hits you with a +0 whip. The kobold attacks as you move away!
The kobold closely misses you. The rat attacks as you move away!
The rat closely misses you.
The rat twitches its whiskers.
The rat attacks as you move away! The rat barely misses you.
The rat attacks as you move away! The rat misses you.
The rat attacks as you move away! The rat bites you but does no damage.
You are too injured to fight recklessly!
You hit the rat.
You kill the rat!
You are too injured to fight recklessly!
Reach: a) +0 trident
Press: ? - help, Dir - move target, f - kobold
Aim: a kobold, wielding a +0 club and quivering stones (about 47% to evade your +0 trident)
You reach to attack!
You completely miss the kobold.
The kobold throws a stone.
The stone barely misses you.
Reach: a) +0 trident
Press: ? - help, Dir - move target, f/p - kobold
Aim: a kobold, wielding a +0 club and quivering stones (about 47% to evade your +0 trident)
You reach to attack!
You barely miss the kobold.
Reach: a) +0 trident
Press: ? - help, Dir - move target, f/p - kobold
Aim: a kobold, wielding a +0 club and quivering stones (about 47% to evade your +0 trident)
You miss the kobold. The kobold hits you with a +0 club.
* * * LOW HITPOINT WARNING * * *
You hit the kobold.
The kobold is severely wounded.
The kobold hits you with a +0 club.
You die...

.#########......####
...................#
..............####.#
.................# #
.......g.......#.#
.....:.#...#.....#
.......#.#####.###
.#######K#####...#
#..K.####@# ####.#
#K# #.####g#
#..K...# ########


You could see a gnoll and a kobold.

Vanquished Creatures
  A giant cockroach (D:1)
  2 goblins (D:1)
  A kobold (D:1)
  2 rats (D:1)
6 creatures vanquished.

Vanquished Creatures (others)
  4 toadstools (D:1)
4 creatures vanquished.

Grand Total: 10 creatures vanquished

Notes
Turn   | Place    | Note
-------+----------+-------------------------------------------
     0 | D:1      | nickcage the Merfolk Gladiator began the quest for the Orb.
     0 | D:1      | Reached XP level 1. HP: 16/16 MP: 1/1
   250 | D:1      | Slain by a kobold

Illustrated notes

Levels and vault maps discovered:
D:1:      ldierk_water_garden, layout_basic,
          hellmonk_ecumenical_altar_crossroads

Action                   || total
-------------------------++-------
Melee: Trident           ||    19
       Punch             ||     1
 Stab: Sleeping          ||     1
Armor: Leather armour    ||     3
Dodge: Dodged            ||    15

Table legend: (Time is in decaauts)
 A = Elapsed time spent in this place.
 B = Non-inter-level travel time spent in this place.
 C = Inter-level travel time spent in this place.
 D = Time resting spent in this place.
 E = Time spent auto-exploring this place.
 F = Levels seen in this place.
 G = Mean time per level.
                   A        B        C        D        E       F      G
               +--------+--------+--------+--------+--------+-----+--------+
         Total |    247 |    247 |      0 |      0 |    196 |   1 |  247.0 |
       Dungeon |    247 |    247 |      0 |      0 |    196 |   1 |  247.0 |
               +--------+--------+--------+--------+--------+-----+--------+

Top non-repeatable levels by time:
     D:1: 247 daAuts
